 Dungeon Crawl Stone Soup version 0.29-a0-219-g0a02b1cf4f (webtiles) character file.

Game seed: 5554375741078970781

467 Hubjo the Sneak (level 6, -8/37 HPs)
             Began as a Vampire Enchanter on Feb 26, 2022.
             Was an Initiate of Nemelex Xobeh.
             Mangled by a gnoll
             ... wielding a +0 halberd
              (11 damage)
             ... on level 5 of the Dungeon.
             The game lasted 00:14:34 (4694 turns).

Hubjo the Sneak (Vampire Enchanter)                 Turns: 4694, Time: 00:14:40

Health: -8/37      AC:  2    Str:  7    XL:     6   Next: 81%
Magic:  6/9        EV: 13    Int: 17    God:    Nemelex Xobeh [......]
Gold:   173        SH:  0    Dex: 17    Spells: 3/9 levels left

rFire   . . .      SeeInvis +   g - +2 dagger (vamp)
rCold   + + .      Faith    +   (no shield)
rNeg    + + +      Spirit   .   b - +0 robe
rPois   ∞          Reflect  .   (no helmet)
rElec   +          Harm     .   (no cloak)
rCorr   .          Rampage  .   (no gloves)
Will    .....                   (no boots)
Stlth   ++++++....              k - amulet of faith
HPRegen 0.00/turn               (no ring)
MPRegen 0.11/turn               (no ring)

@: about to teleport, bloodless, inhibited regen
A: bloodless, fangs 3, see invisible, vampiric 2, screaming 1, electricity
resistance
a: Bat Form, Revivify, Renounce Religion, Draw Escape, Draw Destruction, Draw
Summoning


You were on level 5 of the Dungeon.
You worshipped Nemelex Xobeh.
Nemelex Xobeh was noncommittal.
You visited 2 branches of the dungeon, and saw 6 of its levels.

You collected 173 gold pieces.

Inventory:

Hand Weapons
 a - a +1 dagger
 g - a +2 vampiric dagger (weapon)
 j - a +2 vorpal hand axe
Missiles
 r - a throwing net (quivered)
Armour
 b - a +0 robe (worn)
Jewellery
 k - an amulet of faith (around neck)
 m - an amulet of the acrobat
Wands
 i - a wand of acid (7)
 s - a wand of iceblast (8)
Scrolls
 d - a scroll of identify
 h - a scroll of teleportation
 l - a scroll of vulnerability
 n - a scroll of immolation
Potions
 c - 2 potions of invisibility
 e - a potion of degeneration {unknown}
 f - a potion of lignification {unknown}
 o - a potion of flight {unknown}
 p - 2 potions of heal wounds {unknown}
 q - a potion of curing {unknown}


   Skills:
 + Level 3.0 Fighting
 + Level 2.8 Short Blades
 + Level 3.5 Dodging
 + Level 7.4 Stealth
 + Level 2.1 Spellcasting
 + Level 5.8 Hexes
 * Level 0.8 Evocations


You had 3 spell levels left.
You knew the following spells:

 Your Spells              Type           Power      Damage    Failure   Level
a - Tukima's Dance        Hex            21%        N/A       5%          3
b - Dazzling Flash        Conj/Hex       22%        N/A       17%         3

Your spell library contained the following spells:

 Spells                   Type           Power      Damage    Failure   Level
 Confusing Touch          Hex            21%        N/A       5%          3
 Ensorcelled Hibernation  Hex/Ice        22%        N/A       9%          2
 Apportation              Tloc           2%         N/A       19%         1
 Scorch                   Fire           2%         2d5       28%         2
 Flame Wave               Conj/Fire      1%         2d4       88%         4
 Hailstorm                Conj/Ice       1%         3d3       88%         4
 Ice Form                 Ice/Tmut       1%         N/A       88%         4
 Alistair's Intoxication  Tmut/Pois      0%         N/A       99%         5
 Simulacrum               Ice/Necr       0%         N/A       100%        6
 Summon Cactus Giant      Summ           0%         N/A       100%        6


Dungeon Overview and Level Annotations

Branches:
Dungeon (5/15)             Temple (1/1) D:4

Altars:
Cheibriados
Dithmenos
Elyvilon
Fedhas
Gozag
Hepliaklqana
Kikubaaqudgha
Makhleb
Nemelex Xobeh
Okawaru
Ru
Sif Muna
Trog
Uskayaw
Yredelemnul
Zin
The Shining One

Annotations:
D:5 Eustachio


Innate Abilities, Weirdness & Mutations

You do not regenerate when monsters are visible.
You are frail without blood (-20% HP).
You can heal yourself when you bite living creatures.
You are immune to poison.
You have razor-sharp teeth.
You have supernaturally acute eyesight. (SInv)
You are afflicted with vampirism and can become a bat while bloodless.
You occasionally shout uncontrollably at your foes.
You are resistant to electric shocks. (rElec)


Message History

A white imp comes into view.
A white imp is nearby!
A white imp is nearby!
The helpless white imp fails to defend itself.
You impale the white imp!!
You kill the white imp!
A centaur comes into view.
A centaur is nearby!
A water moccasin comes into view.
A gnoll comes into view. It is wielding a +0 halberd.
Found a scroll of summoning.
The gnoll shouts!
You hear a shout!
The water moccasin hisses angrily.
The water moccasin bites you!
The gnoll enters a dispersal trap!
The water moccasin blinks!
You blink.
The gnoll blinks!
A black bear comes into view.
A gnoll shaman comes into view. It is wielding a +0 whip.
The gnoll hits you with a +0 club.
A gnoll comes into view. It is wielding a +0 club.
The gnoll shaman calls upon its god to speed up something.
The gnoll hits you with a +0 club! The gnoll closely misses you.
The water moccasin misses you.
There is a stone staircase leading up here.
As you read the scroll of teleportation, it crumbles to dust.
You feel strangely unstable. The water moccasin barely misses you.
The gnoll hits you from afar with a +0 halberd!
* * * LOW HITPOINT WARNING * * *
The gnoll hits you with a +0 club.
* * * LOW HITPOINT WARNING * * *
Casting: Tukima's Dance (dangerous; 5% risk of failure)
Confirm with . or Enter, or press ? or * to list all spells.
The spell is quite dangerous to miscast (17% risk of failure)!
Continue anyway?
Casting: Dazzling Flash (quite dangerous; 17% risk of failure)
Press: ? - help, Dir - look around, f - activate The water moccasin is dazzled.
The gnoll is dazzled.
The water moccasin closely misses you. The gnoll barely misses you.
The gnoll misses you. The water moccasin closely misses you.
The gnoll hits you from afar with a +0 halberd!
You die...
Your body disappears without a glow.

#. ...g..... #.#
#..^..?. ..
####....... #.##
#..........
#..###.###......
. #.#...#
#...... ...
###.g.###
###.###
.....###g..###
#.#
.......@Sg..#
#.##
........#...#
#..#
.>....####..#
##.## .....#
##.[.#######..#
####.#
.#........#..
#....
#.########....
##..#
#.............
..##Y##.#
#####.###.##..
......J<#
#.##..###.


You could see a water moccasin (blind), a gnoll shaman and 2 gnolls.

Vanquished Creatures
  An ogre (Temple)
  A phantom (D:4)
  A scorpion (D:4)
  A hound (D:4)
  A jelly (D:4)
  An iguana (D:4)
  6 adders
  A gnoll (D:4)
  A white imp (D:5)
  A worm (D:2)
  A dart slug (D:1)
  6 orcs (D:4)
  6 bats
  8 endoplasms
  11 goblins
  8 hobgoblins
  2 jackals (D:1)
  3 quokkas
  7 ball pythons
  4 frilled lizards
  10 kobolds
  7 rats
88 creatures vanquished.

Vanquished Creatures (collateral kills)
  A ball python (D:4)
1 creature vanquished.

Vanquished Creatures (others)
  2 dancing weapons (D:4)
2 creatures vanquished.

Grand Total: 91 creatures vanquished

Notes
Turn   | Place    | Note
-------+----------+-------------------------------------------
     0 | D:1      | Hubjo the Vampire Enchanter began the quest for the Orb.
     0 | D:1      | Reached XP level 1. HP: 13/13 MP: 3/3
   176 | D:1      | Reached XP level 2. HP: 12/20 MP: 5/5
   359 | D:1      | Reached skill level 1 in Fighting
   540 | D:1      | Reached skill level 5 in Stealth
   742 | D:1      | Gained mutation: You are afflicted with vampirism and can
                  | become a bat while bloodless. [Vampire growth]
   742 | D:1      | Reached XP level 3. HP: 24/26 MP: 6/6
  1193 | D:2      | Found a faded altar of an unknown god.
  1297 | D:2      | You fall into a shaft and drop 1 floor!
  1312 | D:3      | Reached XP level 4. HP: 31/32 MP: 7/7
  1349 | D:3      | Reached skill level 5 in Hexes
  2054 | D:3      | Gained mutation: You have hidden genetic potential. [potion
                  | of mutation]
  2104 | D:4      | Noticed a scorpion
  2150 | D:4      | Reached skill level 6 in Stealth
  2230 | D:4      | Noticed a scorpion
  2618 | D:4      | Noticed a phantom
  2620 | D:4      | Killed a phantom
  2621 | D:4      | Reached XP level 5. HP: 39/39 MP: 8/8
  2626 | D:4      | Found a staircase to the Ecumenical Temple.
  2633 | Temple   | Entered the Ecumenical Temple
  2633 | Temple   | Gained mutation: You have a pair of small antennae on your
                  | head. [hidden potential]
  2638 | Temple   | Learned a level 3 spell: Tukima's Dance
  2642 | Temple   | Learned a level 3 spell: Dazzling Flash
  2919 | Temple   | Became a worshipper of Nemelex Xobeh the Trickster
  2968 | D:4      | Noticed an ogre
  3020 | D:5      | Entered Level 5 of the Dungeon
  3020 | D:5      | Noticed a steam dragon
  3132 | Temple   | Killed an ogre
  3133 | Temple   | Reached skill level 7 in Stealth
  3133 | Temple   | Reached XP level 6. HP: 24/46 MP: 9/9
  3323 | D:4      | Gained mutation: You are agile. (Dex +2) [hidden potential]
  3323 | D:4      | Lost mutation: You have hidden genetic potential. [hidden
                  | potential expressed]
  3340 | D:4      | Lost mutation: You have a pair of small antennae on your
                  | head. [potion of mutation]
  3340 | D:4      | Lost mutation: You are agile. (Dex +2) [potion of mutation]
  3340 | D:4      | Gained mutation: Your movements are slightly less
                  | encumbered by armour. (ER -2) [potion of mutation]
  3340 | D:4      | Gained mutation: You occasionally shout uncontrollably at
                  | your foes. [potion of mutation]
  3341 | D:4      | Lost mutation: Your movements are slightly less encumbered
                  | by armour. (ER -2) [potion of mutation]
  3341 | D:4      | Lost mutation: You occasionally shout uncontrollably at
                  | your foes. [potion of mutation]
  3341 | D:4      | Gained mutation: You occasionally shout uncontrollably at
                  | your foes. [potion of mutation]
  3341 | D:4      | Gained mutation: You are resistant to electric shocks.
                  | (rElec) [potion of mutation]
  3437 | D:4      | Noticed an orc warrior
  3780 | D:5      | Noticed Eustachio
  3782 | D:5      | Noticed an ice beast
  4608 | D:5      | Found a shadowy altar of Dithmenos.
  4673 | D:5      | Noticed a water moccasin
  4694 | D:5      | Mangled by a gnoll

Illustrated notes

Levels and vault maps discovered:
D:1:      minmay_arrival_glassed_features, layout_basic, st_stairs_8,
          minmay_pentomino_s4
D:2:      layout_basic, hellmonk_ecumenical_altar_blasted
D:3:      wander_river, layout_basic, minivault_19
D:4:      layout_loops_ring, minmay_temple_entry_hall, st_stairs_9
D:5:      layout_rooms, nicolae_dithmenos_shadow_blocks, marbit_many_paths,
          uniq_eustachio
Temple:   regret_index_temple_sphere_string

Skill      XL: |  1  2  3  4  5  6 |
---------------+-------------------+-----
Fighting       | 1 2 3 |  3.0
Stealth        | 5 6 7 |  7.4
Hexes          | 5 |  5.8
Short Blades   | 2 |  2.8
Dodging        | 3 |  3.5
Spellcasting   | |  2.1
Evocations     | |  0.8

Action                   |  1- 3 |  4- 6 || total
-------------------------+-------+-------++-------
Melee: Dagger            |   164 |   131 ||   295
       Bite              |    15 |    18 ||    33
       Punch             |     1 |     1 ||     2
 Cast: Tukima's Dance    |       |     4 ||     4
       Dazzling Flash    |       |     2 ||     2
 Abil: Exsanguinate      |       |     1 ||     1
  Use: Scroll            |       |    12 ||    12
       Potion            |       |     3 ||     3
 Stab: Sleeping          |     7 |    14 ||    21
Armor: Robe              |    35 |    19 ||    54
Dodge: Dodged            |   121 |   140 ||   261

Table legend: (Time is in decaauts)
 A = Elapsed time spent in this place.
 B = Non-inter-level travel time spent in this place.
 C = Inter-level travel time spent in this place.
 D = Time resting spent in this place.
 E = Time spent auto-exploring this place.
 F = Levels seen in this place.
 G = Mean time per level.
                   A        B        C        D        E       F      G
               +--------+--------+--------+--------+--------+-----+--------+
         Total |   4720 |   4446 |    274 |    854 |   2245 |   6 |  786.7 |
       Dungeon |   4315 |   4067 |    248 |    854 |   2119 |   5 |  863.0 |
        Temple |    404 |    378 |     26 |      0 |    126 |   1 |  404.0 |
               +--------+--------+--------+--------+--------+-----+--------+

Top non-repeatable levels by time:
     D:4: 1979 daAuts
     D:1: 997 daAuts
     D:3: 911 daAuts
  Temple: 404 daAuts
     D:2: 287 daAuts
     D:5: 139 daAuts
